 Dungeon Crawl Stone Soup version 0.30-a0-371-gad7725a93e (webtiles) character file.

Game seed: 1855196582028130857

10559 Shayle the Cleaver (level 11, -5/104 HPs)
             Began as a Naga Reaver on Nov 20, 2022.
             Was an Initiate of Ashenzari.
             Slain by a yak (7 damage)
             ... on level 1 of the Lair of Beasts.
             The game lasted 00:35:20 (10364 turns).

Shayle the Cleaver (Naga Reaver)                   Turns: 10364, Time: 00:35:20

Health: -5/104     AC:  8    Str: 18    XL:     11   Next: 64%
Magic:  14/14      EV: 10    Int: 17    God:    Ashenzari [......]
Gold:   422        SH:  0    Dex: 11    Spells: 3/15 levels left

rFire   + . .      SeeInvis +    n - +9 hand axe "Demon's Demise" {flame, Str+4}
rCold   . . .      Faith    .    (no shield)
rNeg    . . .      Spirit   .    B - +0 troll leather armour
rPois   +          Reflect  .    (no helmet)
rElec   .          Harm     .    r - +0 cloak
rCorr   .          Rampage  .    (no gloves)
Will    +....                    (no barding)
Stlth   +.........               (no amulet)
HPRegen 1.17/turn                A - ring "Share My Apathy" {rF+, Elem, Cun} (curse)
MPRegen 0.14/turn                (no ring)

@: confused, mighty, ambrosia-drunk, very slow
A: AC +3, large, see invisible, deformed body, poison resistance, slowness 2,
spit poison 1, naga tail 1
a: Spit Poison, Renounce Religion, Curse Item, Shatter the Chains


You were on level 1 of the Lair of Beasts.
You worshipped Ashenzari.
Ashenzari was noncommittal.
You visited 3 branches of the dungeon, and saw 12 of its levels.

You collected 422 gold pieces.

Inventory:

Hand Weapons
 a - a +1 hand axe
 i - a +1 hammer of protection
 n - the +9 hand axe "Demon's Demise" (weapon) {flame, Str+4}
   (You found it on level 3 of the Dungeon)

   It burns those it strikes, dealing additional fire damage.
   Big, fiery blades are also staple armaments of hydra-hunters.
   Str:       It affects your strength (+4).
Missiles
 v - 6 silver javelins
 C - 5 curare-tipped darts (quivered)
 J - a throwing net
Armour
 b - a +0 leather armour
 r - a +0 cloak (worn)
 s - a +3 ring mail
 B - a +0 troll leather armour (worn)
 D - a +2 ring mail of willpower
 H - a +0 robe of the Archmagi
Jewellery
 j - a ring of willpower
 m - an amulet of regeneration
 o - a ring of positive energy
 A - the cursed ring "Share My Apathy" (left hand) {rF+, Elem, Cun}
   (You took it off a gnoll on level 7 of the Dungeon)

   [ring of protection from fire]

   rF:        It protects you from fire.
   It has a curse which improves the following skills: Elements: Fire Magic, Ice
   Magic, Air Magic and Earth Magic.
   Cunning:   Dodging and Stealth.
Wands
 l - a wand of polymorph (17)
Scrolls
 d - a scroll of immolation
 h - 8 scrolls of teleportation
 k - 2 scrolls of magic mapping
 p - 2 scrolls of butterflies
 t - a scroll of poison
 y - a scroll of brand weapon
 I - a scroll of amnesia
 K - a scroll of enchant armour {unknown}
Potions
 c - 5 potions of curing
 e - 2 potions of haste
 g - a potion of brilliance {unknown}
 q - a potion of might
 u - a potion of mutation {unknown}
 w - 3 potions of attraction
 x - 2 potions of degeneration {unknown}
 z - 2 potions of berserk rage {unknown}
 E - 2 potions of flight {unknown}
 F - 2 potions of lignification {unknown}
 G - a potion of magic {unknown}
 L - a potion of resistance {unknown}
 M - a potion of invisibility {unknown}


   Skills:
 + Level 8.4 Fighting
 - Level 8.5 Axes
 + Level 6.1 Armour
 - Level 2.9(3.2) Dodging
 + Level 2.6 Spellcasting
 - Level 8.2 Conjurations
 + Level 1.7(2.0) Fire Magic
 + Level 7.8(8.2) Ice Magic
 + Level 1.6(2.0) Air Magic
 + Level 1.5(1.9) Earth Magic


You had 3 spell levels left.
You knew the following spells:

 Your Spells              Type           Power      Damage    Failure   Level
a - Kiss of Death         Conj/Necr      64%        2d10      3%          1
b - Hailstorm             Conj/Ice       30%        3d8       2%          3
c - Call Canine Familiar  Summ           2%         N/A       54%         3
d - Summon Forest         Summ/Tloc      1%         N/A       99%         5

Your spell library contained the following spells:

 Spells                   Type           Power      Damage    Failure   Level
 Momentum Strike          Conj/Tloc      32%        3d8       6%          2
 Apportation              Tloc           4%         N/A       22%         1
 Confusing Touch          Hex            2%         N/A       54%         3
 Portal Projectile        Hex/Tloc       4%         N/A       54%         3
 Tukima's Dance           Hex            2%         N/A       54%         3
 Leda's Liquefaction      Hex/Erth       2%         N/A       80%         4
 Dispel Undead            Necr           2%         3d7       91%         4
 Passage of Golubria      Tloc           2%         N/A       91%         4
 Silence                  Hex/Air        2%         N/A       98%         5
 Alistair's Intoxication  Tmut/Pois      1%         N/A       99%         5
 Blade Hands              Tmut           1%         N/A       99%         5
 Eringya's Noxious Bog    Tmut/Pois      1%         N/A       100%        6
 Summon Hydra             Summ           1%         N/A       100%        7
 Lehudib's Crystal Spear  Conj/Erth      9%         10d4      100%        8


Dungeon Overview and Level Annotations

Branches:
Dungeon (10/15)            Temple (1/1) D:7            Lair (1/5) D:8
    Orc: D:9-12

Altars:
Ashenzari
Cheibriados
Dithmenos
Elyvilon
Fedhas
Gozag
Hepliaklqana
Kikubaaqudgha
Makhleb
Nemelex Xobeh
Okawaru
Qazlal
Ru
Sif Muna
Trog
Uskayaw
Wu Jian
Xom
Yredelemnul
Zin
The Shining One

Portals:
Abyss: D:5

Annotations:
D:3 1 runed translucent door, Crazy Yiuf
D:4 1 runed translucent door, MrSquiggles's ghost, novice MiMo
D:5 2 transporters, baller8008's ghost, novice DjCj
D:6 1 runed translucent door, BlueFish's ghost, novice MiFi


Innate Abilities, Weirdness & Mutations

Your serpentine skin is tough. (AC +3)
You have supernaturally acute eyesight. (SInv)
Armour fits poorly on your strangely shaped body.
Your system is resistant to poisons. (rPois)
You cover ground very slowly.
You can spit poison.
You have a snake-like lower body.


Message History

You slash the yak! You burn the yak.
The yak is almost dead.
You slash the yak! You burn the yak. You hit the yak. You burn the yak.
You hit the yak. You burn the yak. The yak barely misses you. x2
The yak gores you! x2
Unknown command.
You feel very mighty all of a sudden. The yak gores you but does no damage.
The yak barely misses you. The yak gores you but does no damage.
The yak gores you!
You slash the yak! You burn the yak.
You kill the yak!
You slash the yak! You burn the yak.
You kill the yak!
You hit the yak. You burn the yak. You slash the yak! You burn the yak.
The yak gores you!
* * * LOW HITPOINT WARNING * * *
The yak barely misses you.
You completely miss the yak.
The yak is heavily wounded.
You slash the yak! You burn the yak. You slash the yak! You burn the yak.
The yak gores you!
* * * LOW HITPOINT WARNING * * *
The yak gores you but does no damage. The yak gores you!
* * * LOW HITPOINT WARNING * * *
You feel better. The yak misses you. The yak gores you.
* * * LOW HITPOINT WARNING * * *
The yak gores you.
* * * LOW HITPOINT WARNING * * *
You feel better. The yak gores you!
* * * LOW HITPOINT WARNING * * *
The yak barely misses you. x2
Okay, then.
Okay, then.
Okay, then.
Unknown command.
You are confused.
You feel invigorated. The yak gores you but does no damage. The yak gores you!
* * * LOW HITPOINT WARNING * * *
The yak gores you!
You die...

#..........
###..........
#.......##...
##........#...
##.......###...
##......#####... .
#......## #....
....#####......#####P...
......Y@................
......Y†Y...............
.................÷......
........................
........................
...#####......>####P....
... ##......## ###... ..
##......## #...
##......###....


You could see 3 yaks.

Vanquished Creatures
  Harold (D:9)
  3 two-headed ogres
  2 rime drakes (Lair:1)
  A troll (D:9)
  4 blink frogs (Lair:1)
  A hornet (D:7)
  2 wyverns
  15 yaks
  A steam dragon (D:7)
  2 water moccasins
  2 ice beasts
  2 sky beasts
  A black bear (D:6)
  An ogre (D:6)
  3 centaurs
  4 wolves (Lair:1)
  4 kobold brigands
  9 bullfrogs
  2 necrophages
  A gnoll sergeant (D:7)
  A scorpion (D:4)
  5 wights (D:8)
  3 killer bees (D:7)
  3 howler monkeys (D:7)
  A crimson imp (D:4)
  4 hounds
  2 jellies (D:5)
  2 gnoll boudas
  6 orc priests
  An iron imp (D:3)
  6 iguanas
  3 orc wizards
  14 gnolls
  7 adders
  2 shadow imps
  5 white imps
  2 ufetubi (D:5)
  3 worms
  8 dart slugs
  29 orcs
  5 endoplasms
  4 giant cockroaches
  4 goblins
  6 hobgoblins
  14 jackals
  2 quokkas
  4 ball pythons
  5 bats
  A frilled lizard (D:2)
  22 kobolds
  3 rats
238 creatures vanquished.

Vanquished Creatures (others)
  A plant (Lair:1)
1 creature vanquished.

Grand Total: 239 creatures vanquished

Notes
Turn   | Place    | Note
-------+----------+-------------------------------------------
     0 | D:1      | Shayle the Naga Reaver began the quest for the Orb.
     0 | D:1      | Reached XP level 1. HP: 19/19 MP: 3/3
   134 | D:1      | Reached XP level 2. HP: 20/26 MP: 5/5
   958 | D:2      | Reached XP level 3. HP: 25/33 MP: 6/6
  1533 | D:2      | Learned a level 3 spell: Hailstorm
  1833 | D:2      | Reached XP level 4. HP: 40/40 MP: 7/7
  2018 | D:3      | Noticed Grinder
  2020 | D:3      | Grinder changed into Grinder the iron imp
  2020 | D:3      | Noticed Grinder
  2030 | D:3      | Killed Grinder the iron imp
  2188 | D:3      | Found a basalt altar of Yredelemnul.
  2348 | D:3      | Reached skill level 1 in Ice Magic
  2348 | D:3      | Reached XP level 5. HP: 29/49 MP: 8/8
  2754 | D:3      | Found a runed translucent door.
  2755 | D:3      | Noticed Crazy Yiuf
  2902 | D:3      | Identified the +9 hand axe "Demon's Demise" {flame, Str+4}
  3202 | D:4      | Reached XP level 6. HP: 47/56 MP: 9/9
  3428 | D:4      | Noticed MrSquiggles's ghost (novice MiMo)
  3432 | D:4      | Found a runed translucent door.
  3859 | D:5      | Entered Level 5 of the Dungeon
  3972 | D:5      | Found a transporter.
  3989 | D:5      | Found a transporter.
  4003 | D:5      | Found a one-way gate to the infinite horrors of the Abyss.
  4003 | D:5      | Noticed baller8008's ghost (novice DjCj)
  4003 | D:5      | Noticed a small abomination
  4010 | D:5      | Noticed a small abomination
  4083 | D:5      | Noticed an ice beast
  4128 | D:4      | Learned a level 3 spell: Call Canine Familiar
  4216 | D:5      | Reached XP level 7. HP: 63/63 MP: 10/10
  4221 | D:5      | Reached skill level 1 in Armour
  4255 | D:5      | Found an iron altar of Okawaru.
  4256 | D:5      | Found a blossoming altar of Fedhas.
  4324 | D:5      | Found a bloodstained altar of Trog.
  4626 | D:5      | Reached skill level 5 in Axes
  4822 | D:6      | Found a runed translucent door.
  4836 | D:6      | Reached XP level 8. HP: 71/73 MP: 11/11
  4841 | D:6      | Noticed BlueFish's ghost (novice MiFi)
  5369 | D:6      | Reached skill level 5 in Fighting
  5369 | D:6      | Reached skill level 5 in Conjurations
  5376 | D:6      | Noticed a wyvern
  5385 | D:6      | Killed a wyvern
  5753 | D:6      | Reached XP level 9. HP: 78/81 MP: 12/12
  6437 | D:7      | Found a shadowy altar of Dithmenos.
  6654 | D:7      | Reached skill level 5 in Ice Magic
  6680 | D:7      | Found a staircase to the Ecumenical Temple.
  6700 | Temple   | Entered the Ecumenical Temple
  6816 | Temple   | Became a worshipper of Ashenzari the Shackled
  7228 | D:7      | Noticed a hornet
  7239 | D:7      | Killed a hornet
  7627 | D:8      | Noticed a two-headed ogre
  7634 | D:8      | Killed a two-headed ogre
  7635 | D:8      | Reached XP level 10. HP: 6/92 MP: 11/13
  7886 | D:8      | Learned a level 5 spell: Summon Forest
  8293 | D:8      | Found a staircase to the Lair.
  8832 | D:9      | Reached skill level 5 in Armour
  8838 | D:9      | Noticed a two-headed ogre
  8858 | D:9      | Killed a two-headed ogre
  8999 | D:9      | Found a hide-covered altar of Uskayaw.
  9035 | D:9      | Noticed Harold
  9049 | D:9      | Killed Harold
  9175 | D:9      | Noticed a two-headed ogre
  9193 | D:9      | Killed a two-headed ogre
  9194 | D:9      | Reached XP level 11. HP: 103/103 MP: 14/14
  9426 | D:9      | Found a shimmering blue altar of Sif Muna.
  9722 | D:10     | Entered Level 10 of the Dungeon
  9865 | Lair:1   | Entered Level 1 of the Lair of Beasts
 10159 | Lair:1   | Reached skill level 1 in Fire Magic
 10159 | Lair:1   | Reached skill level 1 in Air Magic
 10159 | Lair:1   | Reached skill level 1 in Earth Magic
 10362 | Lair:1   | HP: 5/104 [yak (5)]
 10364 | Lair:1   | HP: 2/104 [yak (9)]
 10364 | Lair:1   | Slain by a yak

Illustrated notes

Levels and vault maps discovered:
D:1:      ncdulo_halloftheorcs, layout_basic, hex_intersection
D:2:      layout_loops_ring, serial_forest, infiniplex_forest_end_1,
          infiniplex_forest_lined_2, infiniplex_forest_lined_3_way,
          infiniplex_forest_straight_4, infiniplex_forest_lined_4_way,
          infiniplex_forest_lined_1, infiniplex_forest_side_room,
          infiniplex_forest_lined_3, infiniplex_forest_corner_1
D:3:      layout_loops_ring, lemuel_coloured_pillars_altar,
          nrook_mini_backslash, hex_large, uniq_crazy_yiuf_cottage, uniq_grinder
D:4:      layout_cave_pools, hellmonk_ghost_happy_afterlife,
          minmay_fire_ice_demons
D:5:      layout_cave_pools, old_standard_altar,
          gammafunk_temple_overflow_statue, gammafunk_ghost_abyssal_escape,
          saegor_snake_ambush
D:6:      layout_gridville, ebering_ghost_reflecting_pool,
          minmay_misc_feat_columns, st_stairs_2
D:7:      layout_loops_ring, grunt_dithmenos_smoke,
          minmay_temple_entry_proselytizer, columned_hall_lemuel,
          minmay_misc_feat_hallway
D:8:      layout_basic, dpeg_oklobed_lair
D:9:      layout_roguey, mainiacjoe_overflow_tiny_flanked,
          mainiacjoe_overflow_alcove_2, serial_rivers,
          chequers_serial_rivers_room_b, chequers_serial_rivers_large_b,
          chequers_serial_rivers_micro_e, chequers_serial_rivers_micro_a,
          uniq_harold
D:10:     layout_loops_ring, mainiacjoe_overflow_small_starburst,
          chequers_arboretum, minivault_26, kennysheep_path_1,
          minmay_shop_enchanted_jewellery, uniq_fannar
Temple:   eino_temple_lava
Lair:1:   layout_hall_layers, serial_bayou_pond_d

Skill      XL: |  1  2  3  4  5  6  7  8  9 10 11 |
---------------+----------------------------------+-----
Dodging        | 2 |  2.9
Fighting       | 3 4 5 6 7 8 |  8.4
Ice Magic      | 1 2 3 4 5 7 |  7.8
Axes           | 4 5 7 8 |  8.5
Armour         | 2 3 4 5 6 |  6.1
Conjurations   | 4 5 6 7 8 |  8.2
Fire Magic     | 1 |  1.7
Air Magic      | 1 |  1.6
Earth Magic    | 1 |  1.5
Spellcasting   | |  2.6

Action                   |  1- 3 |  4- 6 |  7- 9 | 10-12 || total
-------------------------+-------+-------+-------+-------++-------
Melee: Hand axe          |    99 |   123 |   192 |   173 ||   587
       Punch             |     1 |       |     2 |     2 ||     5
Throw: Dart              |       |       |     1 |     6 ||     7
       Throwing net      |       |       |     1 |     2 ||     3
 Cast: Hailstorm         |       |     3 |    15 |    18 ||    36
       Kiss of Death     |       |       |     1 |       ||     1
Invok: Curse Item        |       |       |     1 |       ||     1
 Abil: Spit Poison       |    10 |    12 |    10 |     5 ||    37
Evoke: Wand              |       |     2 |       |       ||     2
  Use: Scroll            |     1 |    15 |     3 |     3 ||    22
       Potion            |       |     2 |       |     6 ||     8
Armor: Leather armour    |    24 |    20 |       |       ||    44
       Ring mail         |       |    22 |   122 |    21 ||   165
       Troll leather arm |       |       |       |    47 ||    47
Dodge: Dodged            |    45 |    65 |    90 |   109 ||   309

Table legend: (Time is in decaauts)
 A = Elapsed time spent in this place.
 B = Non-inter-level travel time spent in this place.
 C = Inter-level travel time spent in this place.
 D = Time resting spent in this place.
 E = Time spent auto-exploring this place.
 F = Levels seen in this place.
 G = Mean time per level.
                   A        B        C        D        E       F      G
               +--------+--------+--------+--------+--------+-----+--------+
         Total |  13060 |  12390 |    670 |   1417 |   8448 |  12 | 1088.3 |
       Dungeon |  12388 |  11728 |    660 |   1351 |   8069 |  10 | 1238.8 |
        Temple |    149 |    140 |      9 |      0 |    112 |   1 |  149.0 |
          Lair |    522 |    522 |      0 |     66 |    267 |   1 |  522.0 |
               +--------+--------+--------+--------+--------+-----+--------+

Top non-repeatable levels by time:
     D:6: 1933 daAuts
     D:3: 1529 daAuts
     D:9: 1502 daAuts
     D:7: 1415 daAuts
     D:8: 1350 daAuts
     D:2: 1301 daAuts
     D:1: 1259 daAuts
     D:5: 1100 daAuts
     D:4: 980 daAuts
  Lair:1: 522 daAuts
  Temple: 149 daAuts
    D:10: 15 daAuts
